Map: Ulrena

Players

zidar - Winner!

  • Race: Zerg Zerg
  • League: Silver
  • Spawn Location: 7:00

Sheepy

  • Race: Zerg Zerg
  • League: Silver
  • Spawn Location: 11:00

VOD

Have the link to the VOD?

Description

Time

  • Played on: Dec. 10, 2015, 9:57 a.m.
  • Length: 15:47
Show
View Real Time Build Order
Export as new Build Order

zidar Zerg - Winner!

Build Orders: Pool First 

Get SALT Encoding   

  12  0:02  Drone  
  13  0:18  Overlord  
  13  0:20  Drone  
  14  0:26  Extractor  
  14  0:27  Drone  
  15  0:36  Drone  
  16  0:46  Spawning Pool  
  16  0:47  Extractor  
  14  1:15  Overlord  
  14  1:19  Drone  
  15  1:25  Overlord  
  15  1:28  Drone  
  16  1:33  Queen  
  18  1:42  Zergling x2  
  20  1:54  Zergling x2  
  20  1:55  Roach Warren  
  20  2:00  Zergling x2  
  20  2:02  Metabolic Boost  
  20  2:28  Zergling x4  
  22  2:39  Zergling x2  
  23  2:50  Drone x3  
  23  3:22  Roach  
  23  3:23  Roach x4  
  33  3:36  Extractor  
  33  3:39  Hatchery  
  31  3:51  Roach x3  
  37  4:10  Overlord  
  37  4:11  Overlord x2  
  34  4:44  Roach  
  34  4:45  Roach x2  
  40  4:55  Queen  
  40  4:56  Evolution Chamber  
  41  5:00  Drone  
  42  5:12  Drone x2  
  44  5:29  Lair  
  44  5:35  Zerg Missile Weapons Level 1  
  44  5:40  Drone  
  45  5:43  Drone  
  46  5:56  Drone x2  
  48  5:57  Drone  
  47  6:08  Drone x3  
  50  6:13  Drone  
  51  6:36  Hydralisk Den  
  51  6:38  Drone x6  
  56  6:43  Extractor  
  56  6:46  Extractor  
  54  7:07  Drone  
  55  7:20  Hydralisk x3  
  55  7:21  Hydralisk x3  
  67  7:29  Zerg Ground Armor Level 1  
  67  7:38  Drone  
  67  7:42  Overlord x2  
  67  7:43  Overlord  
  68  8:21  Drone x6  
  74  8:29  Hatchery  
  69  9:06  Roach x8  
  69  9:07  Roach x3  
  91  9:14  Overlord x3  
  91  9:15  Overlord x2  
  91  9:20  Ravager  
  92  9:41  Ravager  
  92  9:42  Ravager x3  
  92  9:43  Ravager x3  
  92  9:44  Ravager x2  
  101  9:52  Roach x3  
  107  9:58  Zerg Missile Weapons Level 2  
  107  10:01  Hatchery  
  107  10:05  Queen  
  108  10:17  Muscular Augments  
  108  10:20  Glial Reconstitution  
  108  10:39  Roach x2  
  108  10:40  Roach x5  
  122  11:01  Hydralisk  
  122  11:02  Hydralisk x4  
  132  11:38  Lurker Den  
  132  11:49  Drone  
  132  11:50  Drone x11  
  132  11:54  Overlord  
  144  11:55  Overlord  
  144  12:13  Zerg Ground Armor Level 2  
  114  13:07  Roach x11  
  114  13:08  Hydralisk x7  
  114  13:10  Roach x5  
  160  13:42  Overlord x3  
  160  13:43  Overlord  
  132  14:19  Roach  
  132  14:20  Roach  
  132  14:21  Roach x2  
  132  14:22  Hydralisk x8  
  132  14:23  Hydralisk x3  
  162  15:09  Overseer  
Show
View Real Time Build Order
Export as new Build Order

Sheepy Zerg 

Build Orders: Pool First, Lurkers 

Get SALT Encoding   

  12  0:04  Drone  
  13  0:12  Drone  
  14  0:18  Overlord  
  14  0:26  Extractor  
  14  0:27  Drone  
  15  0:42  Drone  
  16  0:43  Drone  
  16  0:48  Spawning Pool  
  16  1:10  Hatchery  
  15  1:15  Drone  
  15  1:16  Drone  
  17  1:19  Drone  
  18  1:27  Overlord  
  18  1:32  Extractor  
  17  1:39  Queen  
  19  1:51  Drone  
  20  2:01  Zergling x4  
  22  2:10  Drone  
  23  2:23  Overlord  
  23  2:25  Zergling x2  
  24  2:37  Queen  
  24  2:40  Overlord  
  24  2:42  Queen  
  28  2:44  Zergling x2  
  28  2:45  Zergling x2  
  28  2:46  Zergling x2  
  31  2:54  Metabolic Boost  
  31  3:12  Baneling Nest  
  27  3:18  Zergling x8  
  27  3:19  Zergling x6  
  34  3:43  Zergling x4  
  34  3:44  Zergling x6  
  39  4:01  Overlord  
  39  4:02  Overlord  
  39  4:06  Baneling x2  
  39  4:07  Baneling x3  
  39  4:10  Zergling x4  
  41  4:18  Evolution Chamber  
  38  4:45  Zerg Melee Weapons Level 1  
  38  4:46  Roach Warren  
  38  4:47  Drone x2  
  38  4:48  Drone  
  40  4:53  Drone x2  
  42  5:18  Drone x3  
  42  5:19  Drone x3  
  48  5:26  Extractor  
  48  5:28  Drone  
  48  5:40  Extractor  
  48  5:41  Extractor  
  46  5:47  Roach x3  
  46  5:48  Roach x2  
  56  5:52  Overlord  
  56  6:00  Drone x3  
  59  6:20  Drone x4  
  62  6:33  Drone x2  
  62  6:39  Zerg Ground Armor Level 1  
  64  6:58  Drone x2  
  64  6:59  Drone  
  64  7:00  Overlord  
  67  7:07  Lair  
  67  7:12  Evolution Chamber  
  66  7:31  Hatchery  
  65  7:56  Zerg Missile Weapons Level 1  
  65  8:06  Hydralisk Den  
  65  8:09  Drone x2  
  65  8:10  Drone x4  
  65  8:11  Overlord x2  
  68  9:09  Queen  
  70  9:24  Hydralisk  
  70  9:25  Hydralisk x4  
  70  9:27  Overlord x2, Hydralisk  
  70  9:28  Hydralisk x3  
  88  9:33  Zerg Ground Armor Level 2  
  88  9:37  Muscular Augments  
  88  9:41  Infestation Pit  
  87  9:55  Hydralisk  
  87  9:56  Hydralisk x4  
  87  9:57  Hydralisk x2  
  87  9:58  Hydralisk x4  
  109  10:08  Ravager  
  110  10:16  Extractor  
  110  10:20  Extractor  
  108  10:30  Drone x3  
  108  10:31  Drone x2  
  108  10:32  Overlord x2  
  108  10:33  Drone  
  114  10:38  Hive  
  114  10:42  Glial Reconstitution  
  112  11:11  Hydralisk x4  
  112  11:14  Overlord x4  
  120  11:34  Hydralisk x3  
  120  11:36  Zergling x6  
  129  11:40  Lurker Den  
  129  11:49  Zerg Missile Weapons Level 2  
  129  11:53  Zerg Ground Armor Level 3  
  129  11:58  Roach, Hydralisk  
  129  11:59  Roach, Hydralisk  
  129  12:00  Roach, Hydralisk  
  133  12:36  Hydralisk x4  
  133  12:37  Hydralisk x2  
  121  12:55  Hydralisk  
  121  12:56  Roach, Hydralisk x2  
  121  13:10  Lurker x5  
  126  13:51  Hatchery  
  109  13:58  Hatchery  
  36  14:10  Hydralisk x4  
  36  14:11  Hydralisk x2  
  48  14:37  Hydralisk x2  
  48  14:38  Hydralisk x2  
  55  14:43  Lurker x3  
  55  14:44  Lurker x2  
Tags
 
Composition
Lurkers
Matchup
ZvZ
Race
Zerg
Spawn Locations
Close Positions
Add a new tag
Caveats
  • Supply blocks, unpowered buildings, or Contaminate may cause inaccurate times.
  • Supply counts are checked every 10 seconds.